[Event "Titled Tuesday Blitz August 09 Late 2022"]
[White "Pham, Khoi"]
[Black "Adewumi, Tanitoluwa"]
[WhiteFideId "1054988"]
[BlackFideId "30966396"]
[WhiteElo "2347"]
[BlackElo "2530"]
[Result "1-0"]
[Round "09"]
[TimeControl "180+1"]
[Date "2022.08.09"]
[WhiteClock "0:01:41"]
[BlackClock "0:00:15"]

1. e4 c5 2. Nf3 e6 3. d4 cxd4 4. Nxd4 Nc6 5. c4 Nf6 6. Nc3 Bb4 7. Nxc6 bxc6 8. Bd3 O-O 9. e5 Qa5 10. exf6 Bxc3+ 11. bxc3 Qxc3+ 12. Qd2 Qxa1 13. fxg7 Qxg7 14. h4 d5 15. Rh3 Kh8 16. Rg3 Qf6 17. Rg5 Rg8 18. Bb2 d4 19. Bxd4 Qxd4 20. Rxg8+ Kxg8 21. Bxh7+ Kxh7 22. Qxd4 c5 23. Qe4+ 1-0


[Site "https://www.chess.com"]

[Event "Titled Tuesday Blitz August 09 Late 2022"]
[White "Przybylski, Wojciech"]
[Black "Wan, Joseph"]
[WhiteFideId "1117599"]
[BlackFideId "2069890"]
[WhiteElo "2133"]
[BlackElo "2198"]
[Result "1-0"]
[Round "09"]
[TimeControl "180+1"]
[Date "2022.08.09"]
[WhiteClock "0:00:03"]
[BlackClock "0:00:04"]

1. e4 g6 2. d4 Bg7 3. Nc3 d6 4. Nf3 a6 5. a4 b6 6. Be3 Nd7 7. Be2 e6 8. O-O Ne7 9. Qd2 h6 10. h3 Bb7 11. Rfe1 Kf8 12. Rad1 Kg8 13. Nh2 Kh7 14. f4 c5 15. Nf3 d5 16. e5 Nf5 17. Bf2 Rc8 18. g4 Nxd4 19. Nxd4 cxd4 20. Bxd4 Qh4 21. Bf1 Nc5 22. Qf2 Qe7 23. f5 gxf5 24. gxf5 Qg5+ 25. Bg2 exf5 26. Rf1 Ne6 27. Qxf5+ Qxf5 28. Rxf5 Kg6 29. Rff1 Rc4 30. Bxb6 Bxe5 31. Nxd5 Re8 32. Ne3 Rb4 33. Ba5 Rxb2 34. Nc4 Bxg2 35. Nxe5+ Kh5 36. Kxg2 Ng5 37. Rf2 Rxe5 38. Bc3 Nxh3 39. Bxe5 Nxf2 40. Kxf2 Rxc2+ 41. Kf3 Ra2 42. Bf4 Ra3+ 43. Ke4 Rxa4+ 44. Kf5 Ra5+ 45. Be5 Ra4 46. Bf4 Ra5+ 47. Be5 Ra4 48. Rh1+ Rh4 49. Ra1 Rc4 50. Rxa6 f6 51. Rxf6 Rc8 52. Rf7 Rg8 53. Rf6 Rg5+ 54. Kf4 Rg4+ 55. Kf5 Rg5+ 56. Ke4 Rg4+ 57. Bf4 Rg8 58. Rxh6+ Kg4 59. Rf6 Re8+ 60. Be5 Kg5 61. Rf2 Kh4 62. Kf5 Rf8+ 63. Bf6+ Kh3 64. Rf4 Kg2 65. Ke4 Re8+ 66. Be5 Kg3 67. Rf8+ 1-0


[Site "https://www.chess.com"]

[Event "Titled Tuesday Blitz August 09 Late 2022"]
[White "Romanchuk, Viktor"]
[Black "Harshavardhan G B"]
[WhiteFideId "14109271"]
[BlackFideId "25059009"]
[WhiteElo "2242"]
[BlackElo "1890"]
[Result "1-0"]
[Round "09"]
[TimeControl "180+1"]
[Date "2022.08.09"]
[WhiteClock "0:00:16"]
[BlackClock "0:00:16"]

1. d4 Nf6 2. c4 g6 3. Nf3 Bg7 4. g3 O-O 5. Bg2 d6 6. Nc3 Nbd7 7. O-O e5 8. e4 Re8 9. h3 exd4 10. Nxd4 Nc5 11. Re1 Bd7 12. Kh2 Qc8 13. Bf4 a5 14. Ndb5 Be6 15. b3 Ra6 16. Qc2 Nh5 17. Be3 a4 18. Rad1 axb3 19. axb3 Nd7 20. Nd5 Bxd5 21. cxd5 c5 22. dxc6 Rxc6 23. Qd2 Bf8 24. Na7 Qb8 25. Nxc6 bxc6 26. Rc1 c5 27. Rb1 Nhf6 28. b4 c4 29. Qd4 Rc8 30. Rec1 Qb5 31. Bf1 Ne5 32. Be2 Ra8 33. Kg2 Qb7 34. Bxc4 Nxc4 35. Qxc4 Re8 36. Qc6 Qe7 37. Bg5 Bg7 38. b5 Qe6 39. Bxf6 Bxf6 40. b6 Bd4 41. b7 Qf6 42. Rc2 Rb8 43. Qc8+ Qd8 44. Qxd8+ Rxd8 45. b8=Q Bf6 46. Qxd8+ Bxd8 47. Rc8 Kg7 48. Rxd8 h5 49. Rxd6 h4 50. g4 f5 51. exf5 gxf5 52. Rb7+ Kf8 53. Rd8# 1-0


[Site "https://www.chess.com"]

[Event "Titled Tuesday Blitz August 09 Late 2022"]
[White "Rosen, Eric"]
[Black "Kravtsiv, Martyn"]
[WhiteFideId "2032562"]
[BlackFideId "14113147"]
[WhiteElo "2362"]
[BlackElo "2694"]
[Result "0-1"]
[Round "09"]
[TimeControl "180+1"]
[Date "2022.08.09"]
[WhiteClock "0:00:01"]
[BlackClock "0:00:09"]

1. d4 d5 2. Bf4 c5 3. Nc3 e6 4. e4 Nf6 5. exd5 Nxd5 6. Bb5+ Nc6 7. Nf3 Nxc3 8. bxc3 cxd4 9. O-O Bd7 10. cxd4 Be7 11. c4 a6 12. Ba4 O-O 13. d5 exd5 14. cxd5 Nb4 15. d6 Bf6 16. Rb1 Nxa2 17. Rxb7 Bc8 18. Rc7 Bg4 19. Bc6 Rb8 20. h3 Be6 21. Re1 Nc3 22. Qd3 Nb5 23. Bxb5 axb5 24. h4 h6 25. Rxe6 fxe6 26. Bxh6 Rf7 27. Rxf7 Kxf7 28. Bg5 Qb6 29. Bxf6 Kxf6 30. Qc3+ Kf7 31. Ne5+ Kg8 32. Nd7 Qxd6 33. Nxb8 Qxb8 34. Qb3 Qb6 35. Qb4 Qc6 36. h5 Kf7 37. f3 Ke8 0-1


[Site "https://www.chess.com"]

[Event "Titled Tuesday Blitz August 09 Late 2022"]
[White "Salem, A.R. Saleh"]
[Black "Sarana, Alexey"]
[WhiteFideId "9301348"]
[BlackFideId "24133795"]
[WhiteElo "2674"]
[BlackElo "2666"]
[Result "0-1"]
[Round "09"]
[TimeControl "180+1"]
[Date "2022.08.09"]
[WhiteClock "0:00:17"]
[BlackClock "0:00:15"]

1. d4 Nf6 2. c4 e6 3. Nc3 d5 4. cxd5 exd5 5. Bg5 Nbd7 6. e3 Be7 7. Bd3 O-O 8. Nge2 Re8 9. O-O Nf8 10. Qc2 c6 11. f3 h6 12. Bh4 c5 13. Rad1 Be6 14. Bxf6 Bxf6 15. dxc5 Qa5 16. Bb5 Rec8 17. Qa4 Qc7 18. Nxd5 Bxd5 19. Rxd5 Ne6 20. b4 a5 21. Bd7 axb4 22. Qxb4 Rcb8 23. a4 Nf8 24. Bb5 Be7 25. Qc4 Rc8 26. Rc1 Rd8 27. Nd4 Rxd5 28. Qxd5 Rd8 29. Qb3 Bxc5 30. Kh1 b6 31. Nf5 Qe5 32. e4 Qf4 33. Rd1 Rxd1+ 34. Qxd1 g6 35. Ng3 Ne6 36. Ne2 Qe3 37. Bc4 Ng5 38. Ng3 h5 39. Nf1 Qg1# 0-1


[Site "https://www.chess.com"]

[Event "Titled Tuesday Blitz August 09 Late 2022"]
[White "Silva Lucena, Cristian"]
[Black "Pinheiro, Iung Alicio de O."]
[WhiteFideId "2232588"]
[BlackFideId "2104350"]
[WhiteElo "2223"]
[BlackElo "2283"]
[Result "0-1"]
[Round "09"]
[TimeControl "180+1"]
[Date "2022.08.09"]
[WhiteClock "0:02:46"]
[BlackClock "0:02:02"]

1. e4 c5 2. Nf3 Nc6 3. d4 cxd4 4. Nxd4 e5 5. Nb5 d6 6. N1c3 a6 7. Na3 b5 8. Nd5 Nge7 9. Bg5 h6 10. Nxb5 axb5 11. Bxb5 hxg5 12. Nxe7 Qa5+ 13. Qd2 Qxb5 14. Nxc8 Rxc8 15. c3 Be7 16. a4 Qc4 17. a5 Qxe4+ 0-1


[Site "https://www.chess.com"]

[Event "Titled Tuesday Blitz August 09 Late 2022"]
[White "Voege, Tobias"]
[Black "Zhigalko, Sergei"]
[WhiteFideId "1270513"]
[BlackFideId "13502956"]
[WhiteElo "2360"]
[BlackElo "2662"]
[Result "0-1"]
[Round "09"]
[TimeControl "180+1"]
[Date "2022.08.09"]
[WhiteClock "0:00:32"]
[BlackClock "0:00:58"]

1. d4 Nf6 2. c4 e6 3. Nc3 Bb4 4. Nf3 b6 5. Bg5 h6 6. Bh4 g5 7. Bg3 Ne4 8. Qc2 Bb7 9. e3 Bxc3+ 10. bxc3 d6 11. Bd3 f5 12. c5 Nd7 13. cxd6 cxd6 14. O-O Rc8 15. Qa4 Bc6 16. Qa3 Nxg3 17. fxg3 Qc7 18. Nd2 Nf6 19. Rae1 O-O 20. e4 fxe4 21. Nxe4 Nxe4 22. Rxf8+ Rxf8 23. Bxe4 Bxe4 24. Rxe4 Qf7 25. h4 Qf1+ 26. Kh2 Rf2 0-1


[Site "https://www.chess.com"]

[Event "Titled Tuesday Blitz August 09 Late 2022"]
[White "Wagner, Dennis"]
[Black "Ibarra Jerez, Jose Carlos"]
[WhiteFideId "24650684"]
[BlackFideId "2226332"]
[WhiteElo "2355"]
[BlackElo "2628"]
[Result "1/2-1/2"]
[Round "09"]
[TimeControl "180+1"]
[Date "2022.08.09"]
[WhiteClock "0:00:31"]
[BlackClock "0:00:15"]

1. e4 e5 2. Nf3 d6 3. d4 exd4 4. Nxd4 Nf6 5. Nc3 Be7 6. g3 d5 7. exd5 Nxd5 8. Bg2 Nxc3 9. bxc3 c5 10. Nf3 Qxd1+ 11. Kxd1 Nc6 12. Be3 O-O 13. Kc1 Rd8 14. Rd1 Bf5 15. Kb2 Na5 16. Rxd8+ Rxd8 17. Nd2 Bf6 18. Bf1 Rd6 19. Nb3 Nc6 20. Bxc5 Rd8 21. f4 b6 22. Bf2 Nb4 23. Bd4 Nxc2 24. Bxf6 gxf6 25. Rc1 Ne3 26. Nd4 Be6 27. Ba6 Bc4 28. Re1 Ng2 29. Rg1 Ne3 30. Re1 Ng2 31. Rg1 Bxa6 32. Rxg2 Re8 33. Rd2 h5 34. Nf5 Kh7 35. Nd6 Re7 36. c4 Kg6 37. Kc3 Re1 38. a4 Rc1+ 39. Rc2 Rd1 40. Nb5 Bxb5 41. axb5 Kf5 42. Ra2 Rd7 43. Kb4 h4 44. c5 bxc5+ 45. Kxc5 Kg4 46. Kc6 Re7 47. Kd6 Re6+ 48. Kc5 Re7 49. Kd6 Rb7 50. Kc6 Rb6+ 51. Kc5 Rb7 52. Ra6 hxg3 53. hxg3 f5 54. Rf6 Kxg3 55. Rxf5 Kg4 56. Rf6 Rc7+ 57. Rc6 Re7 58. Rf6 Rc7+ 59. Kb4 Rd7 60. Ka5 Rb7 61. Ka6 Re7 62. Ka5 Rd7 63. Ka6 Rc7 64. Ka5 Re7 65. Ka6 Kf3 66. Rf5 Kg4 67. Re5 Rd7 68. Re4 f5 69. Rc4 Re7 70. Rd4 Rf7 71. Rc4 Rg7 72. Rd4 Rh7 73. Rc4 Rd7 74. Rb4 Re7 75. Rc4 Kf3 76. Rd4 Ke3 77. Rc4 Rf7 78. Rb4 Kd3 79. Ra4 Re7 80. Rb4 Kc3 81. Ra4 Kb3 82. Ra1 Kc4 83. Rh1 Re6+ 84. Kxa7 Kxb5 85. Rh5 Rf6 86. Kb7 Kc5 87. Kc7 Kd5 88. Kd7 Ke4 89. Ke7 Rg6 90. Rh4 Rg4 91. Rh1 Kxf4 92. Kf6 Rg3 93. Rf1+ Ke4 94. Rxf5 Ra3 95. Re5+ Kf4 96. Re6 Ra5 97. Rb6 Rf5+ 98. Ke6 Rh5 99. Rb4+ Ke3 100. Rb3+ Kd4 101. Rb4+ Kc5 102. Rg4 Rh6+ 103. Kf5 Ra6 104. Rg5 Kd5 105. Kg4+ Ke4 106. Rf5 Rg6+ 107. Rg5 Rf6 108. Rg8 Rf1 109. Re8+ Kd5 110. Rd8+ Ke6 111. Re8+ Kf7 112. Re2 Kg6 113. Kg3 Kg5 114. Rf2 Rg1+ 115. Rg2 Ra1 116. Kf2+ Kf4 117. Rg8 Ra2+ 118. Ke1 Rh2 119. Rf8+ Ke3 120. Re8+ Kd3 121. Rd8+ Ke3 122. Re8+ Kd4 123. Rd8+ Ke5 124. Re8+ Kd6 125. Re2 Rh1+ 126. Kd2 Ra1 127. Re3 Kd5 128. Rd3+ Ke4 129. Re3+ Kd4 130. Rd3+ Ke4 131. Re3+ Kf4 132. Rb3 Ra2+ 133. Kd3 Rh2 134. Rb4+ Ke5 135. Rb8 Rh3+ 136. Kc4 Rh4+ 137. Kc5 Rh1 138. Re8+ Kf6 139. Rf8+ Ke7 140. Rf3 Rc1+ 141. Kd4 Rd1+ 142. Rd3 Rxd3+ 143. Kxd3 1/2-1/2


[Site "https://www.chess.com"]

[Event "Titled Tuesday Blitz August 09 Late 2022"]
[White "Zhang, Eric"]
[Black "Barria Zuniga, Daniel"]
[WhiteFideId "30907667"]
[BlackFideId "3400816"]
[WhiteElo "2494"]
[BlackElo "2414"]
[Result "1-0"]
[Round "09"]
[TimeControl "180+1"]
[Date "2022.08.09"]
[WhiteClock "0:00:18"]
[BlackClock "0:00:07"]

1. d4 g6 2. c4 Bg7 3. Nc3 c5 4. d5 Bxc3+ 5. bxc3 Qa5 6. Qc2 f5 7. Nf3 Nf6 8. Bg5 d6 9. g3 Ne4 10. Bd2 Nd7 11. Bg2 Nb6 12. Qd3 Qa4 13. Ng5 Nxd2 14. Qxd2 Nxc4 15. Qf4 Bd7 16. O-O Ne5 17. Qe3 O-O-O 18. Ne6 Bxe6 19. dxe6 Rhf8 20. Rab1 Nc6 21. Qh6 d5 22. Qxh7 Qxa2 23. Qxg6 Qxe2 24. Rfd1 Rf6 25. Qg5 Qxe6 26. Qd2 Qe5 27. Qb2 b6 28. Qb5 Rfd6 29. Bxd5 Kc7 30. c4 Nd4 31. Qa6 Rxd5 32. Qxa7+ Kc8 33. Qa8+ Qb8 34. Qxb8+ Kxb8 35. cxd5 Kc7 36. Kg2 Rxd5 37. h4 c4 38. h5 c3 39. Rbc1 e5 40. h6 Rd6 41. Rxc3+ Kd7 42. Rh1 Rf6 43. h7 Rf8 44. h8=Q Rxh8 45. Rxh8 1-0


[Site "https://www.chess.com"]

[Event "Titled Tuesday Blitz August 09 Late 2022"]
[White "Adewumi, Tanitoluwa"]
[Black "Matsuura, Frederico"]
[WhiteFideId "30966396"]
[BlackFideId "2107848"]
[WhiteElo "2518"]
[BlackElo "2302"]
[Result "1-0"]
[Round "10"]
[TimeControl "180+1"]
[Date "2022.08.09"]
[WhiteClock "0:00:08"]
[BlackClock "0:00:03"]

1. e4 e6 2. d4 d5 3. Nc3 Bb4 4. e5 Qd7 5. Ne2 b6 6. a3 Bf8 7. h4 Ba6 8. h5 h6 9. g3 c5 10. Bh3 Nc6 11. Nf4 cxd4 12. Ncxd5 Qb7 13. Nxe6 fxe6 14. Bxe6 Nxe5 15. Bf4 Bd6 16. Rh4 Nf6 17. Nxf6+ gxf6 18. Bxe5 Bxe5 19. Qg4 Qe7 20. O-O-O Rd8 21. f4 Rd6 22. Bf5 d3 23. fxe5 d2+ 24. Rxd2 Rxd2 25. Kxd2 fxe5 26. Qa4+ Kd8 27. Qxa6 Qg5+ 28. Kd1 Qxf5 29. Qxa7 Qf1+ 30. Kd2 Qf2+ 31. Kc3 Qxg3+ 32. Kd2 Qf2+ 33. Kd3 Qxh4 34. Qb8+ Kd7 35. Qxh8 Qd4+ 36. Ke2 Qxb2 37. Qh7+ Kc8 38. Qxh6 Qxc2+ 39. Qd2 Qe4+ 40. Qe3 Qg2+ 41. Kd3 Qf1+ 42. Kc3 Qa1+ 43. Kb4 Qb1+ 44. Qb3 Qh1 45. Qg8+ Kb7 46. Qg7+ Ka6 47. h6 Qe4+ 48. Kc3 Qd4+ 49. Kc2 Qc4+ 50. Kd2 Qd4+ 51. Ke2 Qe4+ 52. Kf2 Qf4+ 53. Kg2 Qe4+ 54. Kg3 Qf4+ 55. Kh3 Qf3+ 56. Kh4 Qf4+ 57. Kh5 Qf5+ 58. Qg5 Qh3+ 59. Kg6 Qd3+ 60. Kg7 Qd7+ 61. Kh8 1-0


[Site "https://www.chess.com"]

[Event "Titled Tuesday Blitz August 09 Late 2022"]
[White "Alekseenko, Kirill"]
[Black "Pulpan, Jakub"]
[WhiteFideId "4135539"]
[BlackFideId "302759"]
[WhiteElo "2682"]
[BlackElo "2451"]
[Result "1-0"]
[Round "10"]
[TimeControl "180+1"]
[Date "2022.08.09"]
[WhiteClock "0:00:05"]
[BlackClock "0:00:05"]

1. e4 c5 2. Nf3 Nc6 3. Bb5 d6 4. O-O Bd7 5. Re1 Nf6 6. Nc3 e6 7. a4 Ne5 8. Bf1 Nxf3+ 9. Qxf3 Bc6 10. d3 Be7 11. Qg3 O-O 12. Bh6 Ne8 13. Bd2 Nf6 14. Be2 d5 15. e5 Ne8 16. f4 g6 17. Rf1 Ng7 18. Qh3 Qb6 19. a5 Qxb2 20. Rfb1 Qxc2 21. Ra2 Qxa2 22. Nxa2 b5 23. axb6 axb6 24. Nc3 b5 25. g4 b4 26. Nd1 Ra2 27. Nb2 f6 28. Qg3 fxe5 29. fxe5 Ra3 30. Qe1 Rb3 31. Bd1 Ra3 32. d4 Bb5 33. Be2 Bxe2 34. Qxe2 c4 35. Nxc4 dxc4 36. Qxc4 h5 37. gxh5 gxh5 38. Kh1 Kh7 39. Rg1 Raf3 40. Bxb4 Bxb4 41. Qxb4 Rf1 42. Rxf1 Rxf1+ 43. Kg2 Rf4 44. Qb1+ Kg8 45. Qb8+ Kh7 46. Qd6 Rg4+ 47. Kf3 Nf5 48. Qd7+ Rg7 49. Qd8 Rg8 50. Qb6 Rg4 51. d5 exd5 52. e6 Nd4+ 53. Kf2 Rf4+ 54. Kg2 Rg4+ 55. Kh1 Re4 56. Qb7+ Kg6 57. Qxd5 Re1+ 58. Kg2 Nf5 59. Kf2 Re3 60. Qd7 Re5 61. Qf7+ Kg5 62. h4+ Kf4 63. Qg8 Nd4 64. Qg3+ Ke4 65. Qxe5+ Kxe5 66. e7 Nf5 67. e8=Q+ Kf4 68. Qg8 Ke4 69. Qg5 Ke5 70. Qxh5 Kf4 1-0


[Site "https://www.chess.com"]

[Event "Titled Tuesday Blitz August 09 Late 2022"]
[White "Andreikin, Dmitry"]
[Black "Lobanov, Sergei"]
[WhiteFideId "4158814"]
[BlackFideId "24183750"]
[WhiteElo "2736"]
[BlackElo "2524"]
[Result "1-0"]
[Round "10"]
[TimeControl "180+1"]
[Date "2022.08.09"]
[WhiteClock "0:00:14"]
[BlackClock "0:00:08"]

1. d4 Nf6 2. c4 e6 3. Nf3 d5 4. g3 Bb4+ 5. Bd2 Be7 6. Bg2 O-O 7. O-O c6 8. Nc3 dxc4 9. a4 Na6 10. a5 Nb4 11. Bf4 Nbd5 12. Ne5 Bd7 13. Nxc4 c5 14. a6 b5 15. Ne5 c4 16. Bg5 Rc8 17. e4 Nb6 18. d5 exd5 19. exd5 b4 20. d6 bxc3 21. bxc3 Re8 22. dxe7 Qxe7 23. Bxf6 gxf6 24. Nxd7 Qxd7 25. Qf3 Qe6 26. Ra5 Rcd8 27. Rh5 Rd3 28. Qf4 Nd7 29. Bh3 Qe4 30. Qxe4 Rxe4 31. Bf5 Re5 32. Bxh7+ Kg7 33. Rxe5 fxe5 34. Bxd3 cxd3 35. f3 f5 36. Kf2 e4 37. fxe4 fxe4 38. Ke3 1-0


[Site "https://www.chess.com"]

[Event "Titled Tuesday Blitz August 09 Late 2022"]
[White "Arias, Juan Cruz"]
[Black "Kopczynski, Michal"]
[WhiteFideId "118540"]
[BlackFideId "1124200"]
[WhiteElo "2091"]
[BlackElo "2235"]
[Result "0-1"]
[Round "10"]
[TimeControl "180+1"]
[Date "2022.08.09"]
[WhiteClock "0:01:04"]
[BlackClock "0:01:01"]

1. e4 c5 2. Nf3 d6 3. d4 cxd4 4. Nxd4 Nf6 5. Nc3 g6 6. g3 Bg7 7. Bg2 O-O 8. O-O Nc6 9. Nde2 Bg4 10. h3 Bd7 11. Nd5 Rc8 12. c3 Nxd5 13. exd5 Ne5 14. Nd4 Nc4 15. Re1 Re8 16. Rb1 Qa5 17. a3 Nb6 18. Bg5 Nxd5 19. Nb3 Nxc3 20. bxc3 Qxg5 21. Nd4 b6 22. h4 Qa5 23. Re3 Rxc3 24. Nf3 Rxe3 25. fxe3 Qxa3 26. Rb3 Qc5 27. Ng5 Ba4 28. Bd5 Bxb3 29. Qxb3 e6 30. Qa4 Qxe3+ 31. Kh2 Rf8 32. Bc6 h6 33. Ne4 d5 34. Nd6 Be5 0-1


[Site "https://www.chess.com"]

[Event "Titled Tuesday Blitz August 09 Late 2022"]
[White "Bartholomew, John"]
[Black "Fishbein, Alexander"]
[WhiteFideId "2019353"]
[BlackFideId "2000377"]
[WhiteElo "2752"]
[BlackElo "2410"]
[Result "0-1"]
[Round "10"]
[TimeControl "180+1"]
[Date "2022.08.09"]
[WhiteClock "0:00:03"]
[BlackClock "0:00:33"]

1. d4 c5 2. c3 d5 3. Nf3 Nc6 4. dxc5 a5 5. e4 dxe4 6. Qxd8+ Nxd8 7. Ne5 Nc6 8. Bb5 Bd7 9. Nxd7 Kxd7 10. Na3 e6 11. Nc4 Bxc5 12. Ne5+ Ke7 13. Nxc6+ bxc6 14. Bxc6 Rb8 15. Bxe4 Nf6 16. Bf3 Rhd8 17. b3 Rd3 18. c4 Bb4+ 19. Ke2 Rbd8 20. Be3 e5 21. g3 e4 22. Bg2 Rd2+ 23. Bxd2 Rxd2+ 24. Kf1 Ng4 25. h3 Nxf2 26. Rh2 Nd3 27. a3 Bc5 28. b4 Bd4 29. Rb1 Rf2+ 30. Kg1 Rb2+ 31. Kf1 Rxb1+ 32. Ke2 Rb2+ 33. Kd1 Be3 34. Bxe4 Rxh2 0-1


[Site "https://www.chess.com"]

[Event "Titled Tuesday Blitz August 09 Late 2022"]
[White "Bernal Moro, Luis Javier"]
[Black "Altman, Joshua"]
[WhiteFideId "2200236"]
[BlackFideId "426210"]
[WhiteElo "2376"]
[BlackElo "1945"]
[Result "1-0"]
[Round "10"]
[TimeControl "180+1"]
[Date "2022.08.09"]
[WhiteClock "0:01:08"]
[BlackClock "0:01:34"]

1. c4 e5 2. Nc3 Nc6 3. Nf3 Nf6 4. e4 Bb4 5. d3 O-O 6. h3 h6 7. Be2 d6 8. Be3 Be6 9. O-O Bxc3 10. bxc3 Ne7 11. Nh4 Nh7 12. Kh2 f5 13. Nxf5 Bxf5 14. exf5 Nxf5 15. Bd2 Qh4 16. g3 Qf6 17. f4 exf4 18. Rxf4 Qe5 19. Bf3 Nxg3 20. d4 Qe7 21. Kxg3 Ng5 22. Bd5+ Kh8 23. Qe1 Qd7 24. Rxf8+ Rxf8 25. Bxg5 hxg5 26. Qe6 Qd8 27. Re1 g4 28. Qxg4 Qf6 29. Qh4+ Qxh4+ 30. Kxh4 Rf2 31. c5 dxc5 32. dxc5 Rf5 33. Bxb7 Rxc5 34. Re3 Ra5 35. Be4 Rxa2 36. Bg6 Ra4+ 37. Kg3 Re4 38. Rxe4 1-0


[Site "https://www.chess.com"]

[Event "Titled Tuesday Blitz August 09 Late 2022"]
[White "Bilych, Olexiy"]
[Black "Janaszak, Dawid"]
[WhiteFideId "14156504"]
[BlackFideId "1119206"]
[WhiteElo "2157"]
[BlackElo "2165"]
[Result "1-0"]
[Round "10"]
[TimeControl "180+1"]
[Date "2022.08.09"]
[WhiteClock "0:01:26"]
[BlackClock "0:00:39"]

1. e4 c5 2. Nf3 Nc6 3. Bb5 g6 4. Bxc6 dxc6 5. O-O Bg7 6. d3 Qc7 7. h3 Nf6 8. Nc3 e5 9. Be3 Nd7 10. Ne2 b6 11. Qd2 h6 12. Rae1 Nf8 13. b3 Ne6 14. Nh2 Bb7 15. f4 exf4 16. Nxf4 Be5 17. Ng4 O-O-O 18. Nxe6 fxe6 19. Nxe5 Qxe5 20. Bxh6 Qh5 21. Bg5 Rdf8 22. Rf4 Qh7 23. Ref1 Rxf4 24. Qxf4 Qd7 25. Qe5 Re8 26. Bf4 Qd4+ 27. Qxd4 cxd4 28. Be5 c5 29. Rf7 Ba6 30. Rc7+ Kd8 31. Rxa7 Bb5 32. Bc7+ Kd7 33. a4 Bc6 34. Bxb6+ Kd6 35. Bc7+ Kd7 36. Be5+ Kd8 37. Rc7 Bd7 38. Rxc5 Rg8 39. Bxd4 g5 40. Rxg5 Rf8 41. a5 Kc7 42. a6 Kc6 43. a7 Ra8 44. h4 e5 45. Rxe5 Bg4 46. h5 Bd1 47. h6 Bxc2 48. Rc5+ Kb7 49. Rxc2 Rh8 50. Bxh8 1-0


[Site "https://www.chess.com"]

[Event "Titled Tuesday Blitz August 09 Late 2022"]
[White "Blanco Ronquillo, Humberto L."]
[Black "Matinian, Nikita"]
[WhiteFideId "3504239"]
[BlackFideId "24129100"]
[WhiteElo "2425"]
[BlackElo "2422"]
[Result "1/2-1/2"]
[Round "10"]
[TimeControl "180+1"]
[Date "2022.08.09"]
[WhiteClock "0:00:15"]
[BlackClock "0:00:18"]

1. d4 Nf6 2. c4 g6 3. Nf3 Bg7 4. g3 O-O 5. Bg2 d6 6. O-O Nc6 7. Nc3 e5 8. Be3 Ng4 9. Bg5 f6 10. Bc1 Bd7 11. h3 Nh6 12. e4 Nf7 13. Be3 f5 14. Qd2 exd4 15. Nxd4 Nfe5 16. exf5 Nxd4 17. Bxd4 Bxf5 18. f4 Nc6 19. Bxg7 Kxg7 20. Rae1 Qf6 21. g4 Bd7 22. Nd5 Qd4+ 23. Qxd4+ Nxd4 24. Re7+ Rf7 25. Rfe1 Rf8 26. Nxc7 Kh6 27. Nd5 Bc6 28. Nf6 g5 29. Bxc6 bxc6 30. fxg5+ Kg6 31. Kg2 h6 32. Rxf7 Rxf7 33. Ne4 Nf3 34. Rd1 d5 35. cxd5 Nh4+ 36. Kg3 hxg5 37. dxc6 Rf3+ 38. Kh2 Re3 39. c7 Re2+ 40. Kg1 Nf3+ 41. Kf1 Rc2 42. Nc3 Nh2+ 43. Kg1 Nf3+ 44. Kf1 Nh2+ 45. Kg1 Nf3+ 46. Kf1 1/2-1/2


[Site "https://www.chess.com"]

[Event "Titled Tuesday Blitz August 09 Late 2022"]
[White "Bodnar, Nikolay"]
[Black "Clarke, Brandon G I"]
[WhiteFideId "14106469"]
[BlackFideId "400319"]
[WhiteElo "2283"]
[BlackElo "2414"]
[Result "1-0"]
[Round "10"]
[TimeControl "180+1"]
[Date "2022.08.09"]
[WhiteClock "0:00:16"]
[BlackClock "0:00:11"]

1. c4 Nf6 2. g3 g6 3. Bg2 Bg7 4. Nc3 O-O 5. d3 d6 6. Nf3 e5 7. O-O Nc6 8. Rb1 a5 9. a3 Nd4 10. b4 axb4 11. axb4 Nxf3+ 12. Bxf3 c6 13. b5 d5 14. bxc6 bxc6 15. cxd5 cxd5 16. Bg5 Be6 17. Rb5 Ra5 18. Qb1 h6 19. Bxf6 Bxf6 20. Bxd5 Bd7 21. Rb3 Bg7 22. Bg2 Be6 23. Rb7 Ra3 24. Rc1 Qa5 25. Ne4 Ra8 26. Rb5 Qa7 27. h3 Ra1 28. Qxa1 Qxa1 29. Rxa1 Rxa1+ 30. Kh2 Ra2 31. Bf3 Rc2 32. Nc5 Ba2 33. Kg2 f5 34. Ra5 e4 35. dxe4 fxe4 36. Bxe4 Rxe2 37. Rxa2 Rxa2 38. Bd5+ Kf8 39. Bxa2 Bd4 40. Nd3 Ke7 41. Bd5 Kf6 42. Be4 Bb6 43. h4 Ba7 44. Nf4 g5 45. Nh5+ Ke5 46. Bb1 gxh4 47. gxh4 Ke6 48. f4 Kf7 49. Kg3 Bb6 50. Kg4 Bd8 51. f5 Bc7 52. Ba2+ Kf8 53. f6 Ba5 54. Nf4 Be1 55. h5 Bb4 56. Kf5 Ke8 57. Ng6 Kd7 58. f7 Kd8 59. Kf6 Bc3+ 60. Ke6 Bb4 61. f8=Q+ Bxf8 62. Nxf8 Ke8 63. Ng6 Kd8 64. Kf6 Ke8 65. Kg7 Kd7 66. Kxh6 Ke8 67. Kg7 Kd7 68. h6 Kc6 69. h7 Kc5 70. h8=Q 1-0


[Site "https://www.chess.com"]

[Event "Titled Tuesday Blitz August 09 Late 2022"]
[White "Chigaev, Maksim"]
[Black "Amburgy, Ryan"]
[WhiteFideId "4108116"]
[BlackFideId "30924820"]
[WhiteElo "2487"]
[BlackElo "2066"]
[Result "1-0"]
[Round "10"]
[TimeControl "180+1"]
[Date "2022.08.09"]
[WhiteClock "0:01:03"]
[BlackClock "0:00:29"]

1. e4 c6 2. Nf3 d5 3. d3 Qc7 4. Nc3 dxe4 5. dxe4 e5 6. Bc4 b5 7. Bb3 h6 8. O-O Nf6 9. a3 Be7 10. Nh4 Na6 11. Nf5 Bxf5 12. exf5 O-O 13. Qf3 Nc5 14. Qg3 Nxb3 15. cxb3 Kh7 16. Qf3 Rad8 17. Re1 a5 18. Be3 Nd5 19. Ne4 Nxe3 20. fxe3 Bf6 21. Rac1 Qd7 22. Red1 Qe7 23. Rxc6 Rxd1+ 24. Qxd1 Rd8 25. Rd6 Rc8 26. Rd7 Qe8 27. Qd5 Kg8 28. Kf2 Bh4+ 29. Kf3 1-0


[Site "https://www.chess.com"]

[Event "Titled Tuesday Blitz August 09 Late 2022"]
[White "Claverie, Christophe"]
[Black "McBryde, Lamel"]
[WhiteFideId "605514"]
[BlackFideId "2058596"]
[WhiteElo "2300"]
[BlackElo "2136"]
[Result "1-0"]
[Round "10"]
[TimeControl "180+1"]
[Date "2022.08.09"]
[WhiteClock "0:00:15"]
[BlackClock "0:00:21"]

1. d4 Nf6 2. Bg5 Ne4 3. Bf4 d5 4. f3 Nd6 5. Nc3 c6 6. e4 dxe4 7. fxe4 g6 8. Qd2 Bg7 9. Nf3 h6 10. Bd3 g5 11. Bg3 g4 12. Ne5 Nd7 13. Nxd7 Qxd7 14. Ne2 h5 15. O-O-O h4 16. Bf4 Nb5 17. c3 Qe6 18. Kb1 Nd6 19. e5 Nc4 20. Qc1 Nb6 21. c4 Bd7 22. Rhe1 O-O-O 23. Bg5 Bh6 24. b3 Bxg5 25. Qxg5 Qh6 26. Qxe7 Be6 27. Rf1 Qe3 28. Qf6 c5 29. d5 Nxd5 30. cxd5 Rxd5 31. Nf4 Rhd8 32. Nxd5 Rxd5 33. Bc2 c4 34. Rxd5 Bxd5 35. bxc4 Bxg2 36. Rd1 b6 37. Qd8+ Kb7 38. Qd7+ Ka6 39. Qb5+ Kb7 40. c5 Qxc5 41. Qxc5 bxc5 42. Rg1 Bf3 43. Bf5 Kc6 44. Bxg4 Be4+ 45. Kc1 Kd5 46. Re1 Bg6 47. Bf3+ Kd4 48. Kd2 c4 49. Re3 c3+ 50. Rxc3 Kxe5 51. Ke3 a5 52. Ra3 a4 53. Rxa4 Kd6 54. Ra5 Kc7 55. Kf4 Kb6 56. Rg5 h3 57. Rxg6+ fxg6 58. Bg4 Kc5 59. Bxh3 Kb4 60. Kg5 Ka3 61. Kxg6 Kxa2 62. Bf5 Ka3 63. h4 Kb4 64. h5 Kc5 65. h6 Kd6 66. h7 Ke5 67. h8=Q+ Kf4 68. Qh6+ Ke5 69. Qg7+ Kf4 70. Be6 Ke3 71. Qe5+ Kd3 72. Bd7 Kc4 73. Bc6 Kb4 74. Qd4+ Ka3 75. Qb6 Ka2 76. Bd5+ Ka1 77. Be4 Ka2 78. Bc2 Ka3 79. Qb3# 1-0


[Site "https://www.chess.com"]

[Event "Titled Tuesday Blitz August 09 Late 2022"]
[White "Csonka, Balazs"]
[Black "Toncheva, Nadya"]
[WhiteFideId "742910"]
[BlackFideId "2924056"]
[WhiteElo "2404"]
[BlackElo "1888"]
[Result "1-0"]
[Round "10"]
[TimeControl "180+1"]
[Date "2022.08.09"]
[WhiteClock "0:00:07"]
[BlackClock "0:00:02"]

1. e4 c5 2. Nf3 d6 3. Bb5+ Nc6 4. O-O Bd7 5. Re1 a6 6. Bxc6 Bxc6 7. d4 cxd4 8. Nxd4 Qc7 9. c4 Nf6 10. Nc3 g6 11. b3 Bg7 12. Bb2 O-O 13. Qd2 Rac8 14. Re2 e6 15. Rd1 Rfd8 16. h3 d5 17. exd5 exd5 18. Nxc6 bxc6 19. cxd5 cxd5 20. Na4 Ne4 21. Qd3 Bxb2 22. Rxb2 Qe5 23. Qd4 Qf5 24. Nb6 Rc7 25. Nxd5 Rcd7 26. Ne7+ Rxe7 27. Qxd8+ Kg7 28. Qxe7 Qf4 29. Re2 Ng5 30. Qe5+ 1-0


[Site "https://www.chess.com"]